 Dungeon Crawl Stone Soup version 0.19-a0-1490-g5dd3618 (webtiles) character file.

2863 epen the Skirmisher (level 9, -4/44 HPs)
             Began as a Felid Monk on Sept 8, 2016.
             Was a Priest of Dithmenos.
             Slain by Psyche
             ... wielding a +2 dagger of chaos
              (5 damage)
             ... while paralysed by Psyche
             ... on level 8 of the Dungeon.
             The game lasted 00:12:34 (7292 turns).

epen the Skirmisher (Felid Monk)                    Turns: 7292, Time: 00:12:35

Health: -4/44      AC:  2    Str:  9    XL:     9   Next: 47%
Magic:  14/14      EV:  4    Int: 12    God:    Dithmenos [***...]
Gold:   273        SH:  0    Dex: 21    Spells: 0 memorised, 8 levels left
                                        Lives:  0   Deaths: 2

rFire  . . .     SeeInvis +       - Unarmed
rCold  + . .     Gourm    .     (armour unavailable)
rNeg   . . .     Faith    .     (shield unavailable)
rPois  +         Spirit   .     (helmet unavailable)
rElec  .         Dismiss  .     (cloak unavailable)
rCorr  .         Reflect  .     (gloves unavailable)
MR     +....     Harm     .     (boots unavailable)
Stlth  +++++++... Rnd*Rage +    (no amulet)
                                C - +2 ring of strength
                                c - ring of poison resistance

@: paralysed, very slightly contaminated, hasted, wreathed by umbra, invisible,
quick
A: no armour, no weapons or thrown items, claws 1, fangs 3, see invisible,
berserk 1, carnivore 3, cold resistance 1, speed 1, shaggy fur 2, slow
regeneration 1, slow metabolism 1, sharp paws
a: Shadow Step, Renounce Religion


You were on level 8 of the Dungeon.
You worshipped Dithmenos.
Dithmenos was most pleased with you.
You were completely stuffed.

You visited 1 branch of the dungeon, and saw 8 of its levels.

You collected 519 gold pieces.
You spent 246 gold pieces at shops.

Inventory:

Jewellery
 c - a ring of poison resistance (left paw)
 j - an uncursed amulet of guardian spirit
 k - an uncursed amulet of harm
 q - an uncursed amulet of guardian spirit
 C - a +2 ring of strength (right paw)
Wands
 g - a wand of iceblast (5/15)
 p - a wand of acid (12/15)
Scrolls
 b - 8 scrolls of remove curse
 e - 2 scrolls of identify
 i - 3 scrolls of teleportation
 l - 2 scrolls of enchant weapon
 m - 2 scrolls of fog
 s - a scroll of blinking
 v - a scroll of random uselessness
Potions
 d - 3 potions of cure mutation
 h - a potion of degeneration
 n - a potion of might
 o - 2 potions of agility
 r - 2 potions of haste
 t - a potion of lignification
 w - a potion of invisibility {unknown}
 x - a potion of heal wounds
 z - a potion of brilliance
 B - a potion of curing
Comestibles
 a - 4 meat rations
 f - 4 beef jerkies
 u - a chunk of flesh
 D - a royal jelly


   Skills:
 * Level 7.9 Fighting
 + Level 7.5 Dodging
 + Level 7.7 Stealth
 * Level 7.9 Unarmed Combat
 * Level 6.6 Invocations


You had 8 spell levels left.
You didn't know any spells.

Dungeon Overview and Level Annotations

Branches:
Dungeon (8/15)             Temple (0/1) D:7
   Lair: D:8-11

Altars:
Dithmenos
Gozag
Makhleb
Sif Muna
Vehumet
Yredelemnul

Shops:
D:4 (   D:5 *   D:8 :

Annotations:
D:5 epen's ghost, novice MfMo
D:7 Joseph
D:8 Psyche


Innate Abilities, Weirdness & Mutations

You cannot wear armour.
You are incapable of wielding weapons or throwing items.
You have sharp claws.
You have razor-sharp teeth.
You have supernaturally acute eyesight. (SInv)
You are carnivorous and can eat meat at any time.
You cover ground quickly.
You are covered in thick fur. (AC +2)
You have a slow metabolism.
Your sharp claws are effective at attacking unaware monsters.
You tend to lose your temper in combat.
Your flesh is cold resistant. (rC+)
You regenerate slowly when monsters are visible.


Message History

Psyche hits you with a dagger of chaos. x2; Psyche burns you.
Psyche points at you and mumbles some strange words.
The puff of frost hits you! You resist. Psyche hits you with a dagger of chaos!
* * * LOW HITPOINT WARNING * * *
Psyche hits you but does no damage.
Psyche points at you and mumbles some strange words.
The magic dart hits you!
* * * LOW HITPOINT WARNING * * *
Psyche hits you with a dagger of chaos.
* * * LOW HITPOINT WARNING * * *
You feel as though your hastened speed will last longer.
Psyche laughs secretively.
Psyche hits you but does no damage. Psyche hits you with a dagger of chaos.
* * * LOW HITPOINT WARNING * * *
You fade into invisibility!
Psyche hits you with a dagger of chaos.
* * * LOW HITPOINT WARNING * * *
Psyche barely misses you. Psyche hits you with a dagger of chaos.
You die...

#........#........#
#........#........#
##........#........#
.......####........#
##.....# #........#
##.....# #........###.###
##.....# #..............
##.....####........###.#.
##.....##...#.##@### .. ..#
########.#.#...@###.#.#....
#.#.####.........#.#
#.######.####..#.#.#
########.###....# #..#.#.#
#.........##....# ..#.#.#
#........(##....#.###.#.#.#
#.........##....#.....#.#.#
#..<......##....# ......#.#


You could see Psyche.

Vanquished Creatures
  Pikel (D:7)
  Prince Ribbit (D:6)
  A two-headed ogre (D:8)
  An ice beast (D:6)
  A black bear (D:8)
  A phantom (D:5)
  An orc warrior (D:7)
  A sky beast (D:8)
  2 necrophages
  3 ogres
  2 centaurs (D:5)
  2 giant frogs
  A water moccasin zombie (D:5)
  A water moccasin skeleton (D:8)
  2 scorpions
  4 killer bees (D:4)
  5 howler monkeys
  A centaur zombie (D:6)
  4 crimson imps
  A giant frog skeleton (D:6)
  2 orc priests (D:6)
  2 hounds (D:7)
  2 jellies
  7 orc wizards
  A centaur skeleton (D:6)
  An iguana (D:5)
  4 worker ants
  A hound skeleton (D:5)
  14 adders
  3 shadow imps
  An ooze (D:1)
  An adder skeleton (D:4)
  3 worms
  4 dart slugs
  3 giant geckos
  14 orcs
  2 ball pythons
  2 giant cockroaches
  5 hobgoblins
  5 kobolds
  2 quokkas (D:8)
  9 bats
  5 giant newts
  13 goblins
  10 rats
152 creatures vanquished.

Vanquished Creatures (others)
  A jelly (D:7)
  A bat (D:1)
2 creatures vanquished.

Grand Total: 154 creatures vanquished

Notes
Turn   | Place    | Note
-------+----------+-------------------------------------------
     0 | D:1      | epen the Felid Monk began the quest for the Orb.
     0 | D:1      | Reached XP level 1. HP: 10/10 MP: 2/2
   299 | D:1      | Reached XP level 2. HP: 10/14 MP: 3/3
   675 | D:1      | Reached XP level 3. HP: 17/17 MP: 4/4
  1032 | D:2      | Reached XP level 4. HP: 22/22 MP: 5/5
  1118 | D:2      | Found a deep blue altar of Sif Muna.
  1295 | D:2      | HP: 1/22 [bat (1)]
  2528 | D:3      | Reached XP level 5. HP: 25/25 MP: 6/6
  2614 | D:3      | Found a shadowy altar of Dithmenos.
  2637 | D:3      | Became a worshipper of Dithmenos the Shadowed
  2637 | D:3      | Reached * piety under Dithmenos
  2637 | D:3      | Reached ** piety under Dithmenos
  3175 | D:4      | Reached skill level 1 in Invocations
  3189 | D:4      | Noticed an ogre
  3203 | D:4      | Killed an ogre
  3203 | D:4      | Gained mutation: You are covered in thick fur. (AC +2) [Felid growth]
  3203 | D:4      | Reached XP level 6. HP: 29/29 MP: 7/7
  3322 | D:4      | Reached skill level 5 in Dodging
  3361 | D:4      | Slain by a killer bee
  3362 | D:4      | Reached XP level 5. HP: -4/25 MP: 7/7
  3362 | D:4      | Found Weifyrol's Weapon Emporium.
  3371 | D:4      | Reached skill level 5 in Fighting
  3462 | D:4      | Reached XP level 6. HP: 30/30 MP: 8/8
  3473 | D:4      | Reached skill level 5 in Unarmed Combat
  3565 | D:4      | Found a basalt altar of Yredelemnul.
  3933 | D:5      | Entered Level 5 of the Dungeon
  3979 | D:5      | Reached skill level 5 in Stealth
  3979 | D:5      | Reached XP level 7. HP: 33/33 MP: 10/10
  4101 | D:5      | Noticed epen's ghost (novice MfMo)
  4692 | D:5      | Found Lezuan's General Store.
  4737 | D:5      | Bought a scroll of blinking for 90 gold pieces
  4737 | D:5      | Bought a scroll of fog for 24 gold pieces
  4737 | D:5      | Bought a potion of lignification for 36 gold pieces
  4737 | D:5      | Bought a scroll of remove curse for 36 gold pieces
  4737 | D:5      | Bought a potion of berserk rage for 60 gold pieces
  5007 | D:6      | Reached XP level 8. HP: 29/38 MP: 11/11
  5024 | D:6      | HP: 1/38 [orc priest/divine providence (13)]
  5031 | D:6      | Slain by a giant frog
  5032 | D:6      | Reached XP level 7. HP: 0/34 MP: 11/11
  5594 | D:6      | Reached *** piety under Dithmenos
  5732 | D:6      | Reached XP level 8. HP: 35/39 MP: 12/12
  5928 | D:7      | Reached skill level 5 in Invocations
  5963 | D:7      | Found a staircase to the Ecumenical Temple.
  5978 | D:7      | Noticed Pikel
  6008 | D:7      | Killed Pikel
  6156 | D:6      | Noticed Prince Ribbit
  6163 | D:6      | Killed Prince Ribbit
  6402 | D:6      | Reached XP level 9. HP: 43/43 MP: 14/14
  6493 | D:7      | Found an opulent altar of Gozag.
  6563 | D:7      | Noticed Joseph
  6827 | D:7      | Found a burning altar of Makhleb.
  6828 | D:7      | Found a radiant altar of Vehumet.
  7017 | D:8      | Gained mutation: Your flesh is cold resistant. (rC+) [potion of mutation]
  7017 | D:8      | Gained mutation: You regenerate slowly when monsters are visible. [potion of mutation]
  7017 | D:8      | Gained mutation: You tend to lose your temper in combat. [potion of mutation]
  7189 | D:8      | Found Tidaeh's Book Boutique.
  7277 | D:8      | Noticed Psyche
  7286 | D:8      | Paralysed by Psyche for 7 turns
  7291 | D:8      | HP: 1/44 [Psyche/dagger of chaos (3)]
  7292 | D:8      | Slain by Psyche

Vault maps used:
D:1:      dpeg_arrival_brainrot
D:2:      old_standard_altar
D:3:      lemuel_doored_altar
D:4:      old_standard_altar, first_bread, minmay_shop_grid_forest
D:5:      serial_shops, shop
D:6:      uniq_prince_ribbit1
D:7:      grunt_temple_overflow_lords_of_destruction, lemuel_round_altar,
          uniq_pikel, uniq_joseph
D:8:      serial_shops, shop, uniq_maurice, uniq_psyche

Skill      XL: |  1  2  3  4  5  6  7  8  9 |
---------------+----------------------------+-----
Stealth        | 3 4 5 6 7 |  7.7
Fighting       | 4 5 6 7 |  7.9
Unarmed Combat | 4 5 7 |  7.9
Invocations    | 2 3 5 6 |  6.6
Dodging        | 5 6 7 |  7.5

Action                   |  1- 3 |  4- 6 |  7- 9 || total
-------------------------+-------+-------+-------++-------
Melee: Unarmed           |    70 |   187 |   279 ||   536
       Bite              |     3 |    12 |    28 ||    43
       Punch             |     1 |     3 |     9 ||    13
Evoke: Wand              |       |       |     3 ||     3
  Use: Potion            |       |     4 |     2 ||     6
       Scroll            |       |       |    12 ||    12
 Stab: Sleeping          |    19 |    22 |    26 ||    67
       Distracted        |       |       |     2 ||     2
  Eat: Chunk             |     7 |    12 |    12 ||    31
Armor: Skin              |     5 |     8 |    10 ||    23
Dodge: Dodged            |    43 |   161 |   236 ||   440
